[Event "Titled Tuesday Blitz April 4 Early 2023"]
[White "Dobre, Claudiu-Cristian"]
[Black "Kovalev, Vladislav"]
[WhiteFideId "1211854"]
[BlackFideId "13504398"]
[WhiteElo "2207"]
[BlackElo "2555"]
[Result "0-1"]
[Round "02"]
[TimeControl "180+2"]
[Date "2023.04.04"]
[WhiteClock "0:00:02"]
[BlackClock "0:00:23"]

1. e4 e5 2. Nf3 Nc6 3. d4 exd4 4. Nxd4 Nf6 5. Nxc6 bxc6 6. Bd3 d6 7. O-O g6 8. b3 Bg7 9. Bb2 O-O 10. h3 Re8 11. Nd2 Nxe4 12. Bxg7 Nxd2 13. Qxd2 Kxg7 14. Qc3+ Kg8 15. Qxc6 Rb8 16. Rfe1 Rxe1+ 17. Rxe1 Bb7 18. Qc4 Qd7 19. Qg4 Qxg4 20. hxg4 Kf8 21. g5 Bd5 22. f3 a5 23. a4 Rb4 24. Kf2 c5 25. Bb5 Be6 26. g4 Ke7 27. Bc4 Rb8 28. Bxe6 fxe6 29. Rh1 Rh8 30. f4 d5 31. Ke3 Kd6 32. Rh2 Kc6 33. Rh3 Kd6 34. Kd3 Rf8 35. Ke3 Rf7 36. Rh2 e5 37. fxe5+ Kxe5 38. Rh3 d4+ 39. Kd3 Kd5 40. c4+ Ke5 41. Ke2 Ke4 42. Ke1 d3 43. Kd2 Rf2+ 44. Ke1 Rg2 45. Rxh7 Rxg4 46. Rc7 Kd4 47. Kd2 Rg2+ 48. Ke1 Rxg5 49. Rf7 Kc3 50. Rf1 Rg2 51. Rf6 Rg1+ 52. Kf2 d2 0-1


[Site "https://www.chess.com"]

[Event "Titled Tuesday Blitz April 4 Early 2023"]
[White "Yeletsky, Ivan"]
[Black "Pajeken, Jakob Leon"]
[WhiteFideId "24180327"]
[BlackFideId "12942839"]
[WhiteElo "2422"]
[BlackElo "2414"]
[Result "1-0"]
[Round "02"]
[TimeControl "180+2"]
[Date "2023.04.04"]
[WhiteClock "0:00:31"]
[BlackClock "0:00:04"]

1. Nf3 d5 2. g3 Nc6 3. Bg2 e5 4. d4 e4 5. Ne5 Bd6 6. Nxc6 bxc6 7. c4 Nf6 8. Qa4 Bd7 9. c5 Be7 10. Nc3 O-O 11. O-O Nh5 12. g4 Bxg4 13. Qxc6 Nf6 14. f3 Bd7 15. Qa6 Bf5 16. Bg5 h6 17. Bxf6 Bxf6 18. e3 Re8 19. fxe4 Bxe4 20. Bxe4 dxe4 21. Qc4 c6 22. Rf5 Rb8 23. b3 a5 24. a3 Qd7 25. Raf1 Re6 26. b4 axb4 27. axb4 Qb7 28. d5 cxd5 29. Nxd5 Bg5 30. Rxf7 Qc6 31. Ne7+ Rxe7 32. Rxe7+ Kh8 33. Rxe4 Qg6 34. Kh1 Rd8 35. Qe6 Qh5 36. Qg4 Qg6 37. b5 Rd2 38. Qc8+ Kh7 39. Qf5 Qxf5 40. Rxf5 Rb2 41. Rxg5 hxg5 42. b6 Kg6 43. Rc4 Kh5 44. c6 g4 45. c7 g3 46. hxg3 Rxb6 47. c8=Q Rh6 48. Rh4+ Kg5 49. Rxh6 g6 50. Qh8 Kg4 51. Rh4+ Kf3 52. Qf6+ Ke2 53. Qxg6 Kf2 54. Rf4+ Ke2 55. Qc2+ Ke1 56. Qf2+ Kd1 57. Qg2 Ke1 58. Rf1# 1-0


[Site "https://www.chess.com"]

[Event "Titled Tuesday Blitz April 4 Early 2023"]
[White "Shivakumar, Shawnak"]
[Black "Urazayev, Arystanbek"]
[WhiteFideId "30940192"]
[BlackFideId "13709810"]
[WhiteElo "2089"]
[BlackElo "2449"]
[Result "1-0"]
[Round "02"]
[TimeControl "180+2"]
[Date "2023.04.04"]
[WhiteClock "0:00:33"]
[BlackClock "0:00:02"]

1. c4 e6 2. Nc3 d5 3. d4 Nf6 4. cxd5 exd5 5. Bg5 c6 6. e3 Bd6 7. Bd3 h6 8. Bh4 O-O 9. Qc2 Re8 10. Nf3 Be6 11. O-O Nbd7 12. Bg3 Bxg3 13. hxg3 Qb8 14. b4 a6 15. a4 b5 16. Ne2 Qd6 17. Rfc1 Rac8 18. axb5 axb5 19. Ra6 Nb8 20. Ra7 Qxb4 21. Nf4 Qd6 22. Ne5 c5 23. Nxe6 fxe6 24. Bxb5 Rf8 25. Qg6 Rc7 26. Rxc7 Qxc7 27. Rxc5 Qe7 28. Bd3 Nbd7 29. Rc7 Nxe5 30. Rxe7 Nxg6 31. Bxg6 Rb8 32. Rxe6 Rb2 33. f3 Kf8 34. g4 Rb8 35. Kh2 Ng8 36. Kg3 Ne7 37. Bf5 Kf7 38. Ra6 g6 39. Be6+ Kg7 40. Rd6 Rb3 41. Bxd5 Rxe3 42. Be4 Ra3 43. d5 Ra5 44. Rd7 Kf6 45. d6 Nc8 46. Rd8 Nb6 47. Rb8 Nd7 48. Rb7 Ke6 49. Bxg6 Kxd6 50. Bf5 Ne5 51. Rb6+ Kc5 52. Rxh6 Ra2 53. Re6 Nc4 54. Be4 Ne3 55. Kf4 Nxg2+ 56. Kf5 Kd4 57. Rd6+ Ke3 58. Rd3+ Kf2 59. Rb3 Kg3 60. g5 Ra5+ 61. Kf6 Nf4 62. Rb6 Ra1 63. g6 Nh5+ 64. Kg5 Rh1 65. f4 Rg1 66. Kxh5 Kxf4 67. Rb4 Ke5 68. Bf3 1-0


[Site "https://www.chess.com"]

[Event "Titled Tuesday Blitz April 4 Early 2023"]
[White "Molina, Roberto Junio Brito"]
[Black "Berezin, Viktor"]
[WhiteFideId "2109450"]
[BlackFideId "14107872"]
[WhiteElo "2376"]
[BlackElo "2310"]
[Result "1-0"]
[Round "02"]
[TimeControl "180+2"]
[Date "2023.04.04"]
[WhiteClock "0:00:27"]
[BlackClock "0:00:04"]

1. d4 Nf6 2. e3 g6 3. Nf3 Bg7 4. b3 d6 5. Bb2 O-O 6. c4 Nbd7 7. Nc3 e5 8. Qc2 Re8 9. d5 a5 10. e4 Nc5 11. Nd2 Nh5 12. g3 f5 13. Be2 Nf6 14. f3 f4 15. g4 Nxg4 16. fxg4 Qh4+ 17. Kd1 Bxg4 18. Nf3 Qh5 19. Rf1 Rf8 20. Kd2 h6 21. Rf2 g5 22. Rg1 Qh3 23. Kd1 Kh8 24. Kc1 Bf6 25. Kb1 Rg8 26. Qd1 a4 27. b4 a3 28. Bc1 Na6 29. Bxa3 Bd7 30. b5 Nc5 31. Bxc5 dxc5 32. Kb2 g4 33. Nd2 Ra3 34. Nb3 Rga8 35. Bxg4 Bxg4 36. Qxg4 Qd3 37. Qg6 Bg5 38. Rxg5 hxg5 39. Qh6+ Kg8 40. Qxg5+ Kf7 41. Qf5+ Ke7 42. Qxe5+ Kd8 43. Qf6+ Ke8 44. Qxf4 Kd7 45. Nxc5+ Kd8 46. Nxd3 1-0


[Site "https://www.chess.com"]

[Event "Titled Tuesday Blitz April 4 Early 2023"]
[White "Mendez Fortes, Eduardo Jesus"]
[Black "Pichot, Alan"]
[WhiteFideId "3502376"]
[BlackFideId "110973"]
[WhiteElo "2307"]
[BlackElo "2573"]
[Result "1-0"]
[Round "02"]
[TimeControl "180+2"]
[Date "2023.04.04"]
[WhiteClock "0:00:18"]
[BlackClock "0:00:24"]

1. e4 c5 2. Nf3 d6 3. d4 cxd4 4. Nxd4 Nf6 5. Nc3 a6 6. Bg5 Nbd7 7. Bc4 Qb6 8. Bb3 e6 9. Qd2 Nc5 10. f3 Be7 11. O-O-O Bd7 12. g4 a5 13. a3 Nxb3+ 14. cxb3 Rc8 15. Kb1 Qa6 16. a4 O-O 17. Ndb5 Bxb5 18. Nxb5 Rfd8 19. h4 Rd7 20. h5 h6 21. Be3 Nh7 22. f4 Nf6 23. Qg2 Qc6 24. Na7 Qxe4+ 25. Qxe4 Nxe4 26. Nxc8 Bf6 27. g5 hxg5 28. fxg5 Be5 29. Nb6 Rd8 30. Nc4 Bg3 31. Nxa5 Rd7 32. g6 f5 33. Rc1 Kf8 34. h6 gxh6 35. Bxh6+ Ke7 36. g7 Rd8 37. Bg5+ Nxg5 38. Rh8 Be5 39. Rc7+ Rd7 40. Rxd7+ Kxd7 41. g8=Q Bxh8 42. Qxh8 Ne4 43. Nc4 Kc6 44. Qc8+ Kd5 45. Qxb7+ Kd4 46. a5 d5 47. a6 dxc4 48. a7 cxb3 49. a8=Q Ke3 50. Qaa7+ Kf4 51. Qc7+ 1-0


[Site "https://www.chess.com"]

[Event "Titled Tuesday Blitz April 4 Early 2023"]
[White "Pap, Gyula"]
[Black "Janaszak, Dawid"]
[WhiteFideId "725323"]
[BlackFideId "1119206"]
[WhiteElo "2519"]
[BlackElo "2220"]
[Result "1-0"]
[Round "02"]
[TimeControl "180+2"]
[Date "2023.04.04"]
[WhiteClock "0:01:55"]
[BlackClock "0:01:55"]

1. e4 c5 2. d3 Nc6 3. Be2 g6 4. f4 Bg7 5. Nf3 d6 6. c3 Rb8 7. a4 a6 8. O-O b5 9. axb5 axb5 10. Be3 b4 11. Qc2 Nf6 12. Kh1 O-O 13. Nbd2 Qc7 14. Rfc1 bxc3 15. bxc3 e5 16. fxe5 Ng4 17. exd6 Qxd6 18. Bg1 Bh6 19. Nc4 Qc7 20. Rf1 Qe7 21. h3 Nge5 22. Nfxe5 Nxe5 23. Nxe5 Qxe5 24. Bh2 1-0


[Site "https://www.chess.com"]

[Event "Titled Tuesday Blitz April 4 Early 2023"]
[White "Fiorito, Joaquin"]
[Black "Costachi, Mihnea"]
[WhiteFideId "180173"]
[BlackFideId "1217518"]
[WhiteElo "2157"]
[BlackElo "2456"]
[Result "0-1"]
[Round "02"]
[TimeControl "180+2"]
[Date "2023.04.04"]
[WhiteClock "0:00:02"]
[BlackClock "0:00:38"]

1. d4 Nf6 2. c4 e6 3. Nc3 d5 4. cxd5 exd5 5. Bg5 c6 6. e3 h6 7. Bh4 Bd6 8. Bd3 Be6 9. Nge2 Nbd7 10. O-O O-O 11. Rb1 Qc7 12. Bg3 a5 13. Qc2 Bxg3 14. Nxg3 Rfe8 15. a3 Qd6 16. Rfd1 b5 17. Nce2 Nb6 18. Nf4 a4 19. Qd2 Nc4 20. Bxc4 bxc4 21. f3 Bd7 22. Re1 c5 23. Rbd1 Be6 24. Nxe6 fxe6 25. e4 Qb6 26. dxc5 Qxc5+ 27. Kh1 Rab8 28. Re2 Red8 29. e5 Nd7 30. Qf4 c3 31. bxc3 Qxa3 32. Qg4 Nf8 33. Nh5 Qe7 34. Nf6+ Kh8 35. Nh5 a3 36. Ra2 Ra8 37. Rda1 Rdb8 38. h3 Rb3 39. Nf4 Rxc3 40. Ne2 Rd3 41. Nf4 Rb3 42. Kh2 Qf7 43. Nh5 Nd7 44. f4 Nf8 45. Qd1 Rc3 46. Qd2 Rac8 47. Ng3 Qe7 48. f5 exf5 49. Re1 Qe6 50. Qf4 Ng6 51. Qxf5 Qxf5 52. Nxf5 Re8 53. e6 Ne7 54. Nd6 Ra8 55. Nb5 Rb3 56. Nc7 Rc8 57. Na6 Rc6 58. Rf1 Rxa6 59. Rf7 Rxe6 60. Rf8+ Kh7 0-1


[Site "https://www.chess.com"]

[Event "Titled Tuesday Blitz April 4 Early 2023"]
[White "Mammadov, Zaur"]
[Black "Castellanos Villela, Alejandro"]
[WhiteFideId "13401033"]
[BlackFideId "3446379"]
[WhiteElo "2441"]
[BlackElo "2103"]
[Result "1-0"]
[Round "02"]
[TimeControl "180+2"]
[Date "2023.04.04"]
[WhiteClock "0:01:03"]
[BlackClock "0:00:15"]

1. e4 c5 2. c3 d5 3. exd5 Qxd5 4. d4 Nc6 5. Nf3 Bg4 6. Be2 e6 7. h3 Bh5 8. c4 Qd8 9. d5 exd5 10. g4 Bg6 11. cxd5 Qa5+ 12. Nc3 O-O-O 13. O-O Nf6 14. Bf4 Nb4 15. Bc4 Bd6 16. Bxd6 Rxd6 17. a3 Nbxd5 18. Nxd5 Nxd5 19. b4 cxb4 20. axb4 Qd8 21. Rxa7 Nb6 22. Qa1 Qf6 23. Ne5 Nxc4 24. Rc1 b5 25. Ra8+ 1-0


[Site "https://www.chess.com"]

[Event "Titled Tuesday Blitz April 4 Early 2023"]
[White "Lymar, Vladislav"]
[Black "Timofeev, Artyom"]
[WhiteFideId "14162180"]
[BlackFideId "4140419"]
[WhiteElo "2234"]
[BlackElo "2586"]
[Result "1-0"]
[Round "02"]
[TimeControl "180+2"]
[Date "2023.04.04"]
[WhiteClock "0:00:03"]
[BlackClock "0:00:06"]

1. d4 d5 2. Nf3 e6 3. e3 Nf6 4. b3 Bd6 5. Bb2 O-O 6. Bd3 b6 7. O-O Bb7 8. Nbd2 Nbd7 9. c4 Qe7 10. Qc2 c5 11. a4 cxd4 12. Nxd4 Ne5 13. Be2 dxc4 14. Nxc4 Nxc4 15. Bxc4 Rac8 16. Nb5 Bb4 17. Nxa7 Rcd8 18. Rfd1 Bxg2 19. Kxg2 Qxa7 20. Bxf6 Qb7+ 21. f3 gxf6 22. Rd3 Bc5 23. Rad1 Rxd3 24. Rxd3 f5 25. Qd2 Qe7 26. Qf2 Kh8 27. Kf1 Rg8 28. Bb5 Qf6 29. Qc2 f4 30. Qc3 Qxc3 31. Rxc3 Bxe3 32. Rc2 Rg1+ 33. Ke2 Kg7 34. Kd3 Kf6 35. b4 h5 36. a5 bxa5 37. bxa5 Rd1+ 38. Ke2 Ra1 39. a6 h4 40. Kd3 h3 41. Ke4 Ra5 42. Be2 Ra4+ 43. Kd3 Ra3+ 44. Ke4 Ra4+ 45. Kd3 Rxa6 46. Ke4 Ra4+ 47. Kd3 Ke5 48. Rb2 Ra3+ 49. Kc2 Ra1 50. Rb5+ Kf6 51. Rh5 Ra2+ 52. Kd1 Rd2+ 53. Ke1 Rb2 54. Kd1 Rb1+ 55. Kc2 Rc1+ 56. Kd3 Ra1 57. Rxh3 Ra2 58. Rh5 Rd2+ 59. Ke4 Rxe2 60. h4 Rh2 61. Rh6+ 1-0


[Site "https://www.chess.com"]

[Event "Titled Tuesday Blitz April 4 Early 2023"]
[White "Kadric, Denis"]
[Black "Grunberg, Mihai-Lucian"]
[WhiteFideId "14403803"]
[BlackFideId "1204149"]
[WhiteElo "2612"]
[BlackElo "2363"]
[Result "1-0"]
[Round "02"]
[TimeControl "180+2"]
[Date "2023.04.04"]
[WhiteClock "0:00:18"]
[BlackClock "0:00:17"]

1. e4 Nf6 2. Nc3 d5 3. e5 Nfd7 4. e6 fxe6 5. d4 c5 6. Nf3 Nc6 7. dxc5 Nxc5 8. Bb5 Qd6 9. Qd4 Nd7 10. Bxc6 bxc6 11. Bf4 Qc5 12. Qd2 g6 13. O-O Bg7 14. Rfe1 Nb6 15. Ne5 O-O 16. Bh6 Nc4 17. Nxc4 Qxc4 18. Bxg7 Kxg7 19. Re5 Qf4 20. Qe2 Rb8 21. b3 Rf5 22. Re1 Rxe5 23. Qxe5+ Qxe5 24. Rxe5 Kf6 25. f4 c5 26. Na4 c4 27. Kf2 cxb3 28. axb3 Rb4 29. g3 h5 30. Ke3 d4+ 31. Kd2 a6 32. Nc5 Rb6 33. Kd3 Rd6 34. Ne4+ Kf7 35. Nxd6+ exd6 36. Ra5 Kf6 37. Kxd4 Ke7 38. Ra4 Kf6 39. Rc4 e5+ 40. fxe5+ dxe5+ 41. Ke3 Bd7 42. Rc7 Bf5 43. Rc6+ Ke7 44. c4 a5 45. Ra6 Bc2 46. Rxa5 Bxb3 47. Rxe5+ Kd6 48. Rd5+ Ke6 49. Kd4 g5 50. Rxg5 1-0


[Site "https://www.chess.com"]

[Event "Titled Tuesday Blitz April 4 Early 2023"]
[White "Ordekalog"]
[Black "Pranav Anand"]
[BlackFideId "46626786"]
[WhiteElo "2553"]
[BlackElo "2389"]
[Result "1-0"]
[Round "02"]
[TimeControl "180+2"]
[Date "2023.04.04"]
[WhiteClock "0:00:07"]
[BlackClock "0:00:24"]

1. d4 Nf6 2. c4 e6 3. Nc3 Bb4 4. Bd2 O-O 5. Rc1 d6 6. Nf3 Nbd7 7. e3 Bxc3 8. Bxc3 Ne4 9. Bd3 Nxc3 10. Rxc3 Qe7 11. O-O e5 12. Bb1 Nf6 13. c5 e4 14. cxd6 cxd6 15. Nd2 d5 16. Qb3 Be6 17. Rfc1 Ng4 18. h3 Nh6 19. Nf1 Qg5 20. Ng3 b6 21. Qd1 g6 22. Rc7 Qh4 23. R1c6 b5 24. a3 a5 25. Ba2 Rad8 26. Ra7 Rc8 27. Rc5 Qd8 28. b4 axb4 29. axb4 Qd6 30. Ra5 Rb8 31. Qc1 Nf5 32. Nxf5 gxf5 33. g3 f4 34. exf4 Kh8 35. Kh2 Qd7 36. h4 Rfd8 37. f5 Bxf5 38. Rxd5 Qxd5 39. Bxd5 Rxd5 40. Qc6 Rbd8 41. Qf6+ Kg8 42. Rxb5 Be6 43. Rxd5 Rxd5 44. Qf4 f5 45. Qe3 Kf7 46. Qc3 Bd7 47. Qc4 Ke6 48. Qa6+ Rd6 49. Qa2+ Ke7 50. Qg8 h6 51. Qg7+ Kd8 52. Qe5 Kc7 53. Qc5+ Rc6 54. Qa7+ Kc8 55. Qa8+ Kc7 56. Qa5+ Kb7 57. Qe5 Rb6 58. Qe7 Kc8 59. Qf8+ Kc7 60. Qc5+ Rc6 61. Qe5+ Kc8 62. b5 Rc2 63. Kg2 Rb2 64. Qc5+ Kd8 65. Qf8+ Kc7 66. Qc5+ Kb7 67. Qd5+ Kc8 68. Qg8+ Kc7 69. Qc4+ Kb8 70. Qg8+ Kb7 71. Qd5+ Kc7 72. Qc4+ Kb6 73. Qc3 Rxb5 74. h5 Rd5 75. Qe3 Bc6 76. Qxh6 e3 77. f3 e2 78. Qe6 Rxd4 79. Qxe2 Rd6 80. Qe3+ Kc7 81. Kh3 Bd7 82. Qf4 Kc6 83. h6 Re6 84. h7 Re8 85. Qh6+ Kd5 86. h8=Q f4+ 87. g4 Rxh8 88. Qxh8 Be6 89. Qb2 Bd7 90. Qd2+ Ke5 91. Qxd7 Kf6 92. Qf5+ Ke7 93. Qxf4 Ke6 94. Qg5 Kd7 95. Qf6 Kc7 96. g5 Kb7 97. g6 1-0


[Site "https://www.chess.com"]

[Event "Titled Tuesday Blitz April 4 Early 2023"]
[White "Pakleza, Zbigniew"]
[Black "The_Sherman_Variation"]
[WhiteFideId "1119290"]
[WhiteElo "2410"]
[BlackElo "2553"]
[Result "1-0"]
[Round "02"]
[TimeControl "180+2"]
[Date "2023.04.04"]
[WhiteClock "0:00:07"]
[BlackClock "0:00:18"]

1. d4 Nf6 2. Nf3 e6 3. Bf4 d5 4. e3 c5 5. c3 Nc6 6. Nbd2 Nh5 7. Be5 f6 8. Bg3 Nxg3 9. hxg3 Bd6 10. Bd3 f5 11. Ng1 Qf6 12. f4 cxd4 13. cxd4 Bd7 14. Rc1 O-O-O 15. Ngf3 Kb8 16. a3 h6 17. b4 g5 18. Kf2 Rdg8 19. Nb3 Qg6 20. Bf1 gxf4 21. gxf4 Qg3+ 22. Ke2 Nxb4 23. axb4 Bb5+ 24. Kd2 Qf2+ 25. Kc3 Rc8+ 26. Nc5 Qxe3+ 27. Kb2 Bxf1 28. Rxf1 b6 29. Re1 Qxf4 30. Nxe6 Qg4 31. Qd2 Rhg8 32. Rxc8+ Rxc8 33. Ne5 Bxe5 34. Rxe5 h5 35. Nf4 h4 36. Rxd5 Qg3 37. Re5 Rd8 38. d5 Qg7 39. Qd4 Qd7 40. Ne6 Rc8 41. Re3 Qa4 42. Rb3 Rg8 43. Qf4+ Kb7 44. Qc7+ Ka6 45. Qc2 Qb5 46. Nc7+ Kb7 47. Nxb5 a6 48. Nd6+ 1-0


[Site "https://www.chess.com"]

[Event "Titled Tuesday Blitz April 4 Early 2023"]
[White "Horak, Martin"]
[Black "Real_OceanStorm"]
[WhiteFideId "367095"]
[WhiteElo "2091"]
[BlackElo "2804"]
[Result "1/2-1/2"]
[Round "02"]
[TimeControl "180+2"]
[Date "2023.04.04"]
[WhiteClock "0:00:03"]
[BlackClock "0:00:02"]

1. d4 Nf6 2. Nf3 e6 3. c4 d5 4. Nc3 c5 5. cxd5 exd5 6. g3 Nc6 7. Bg2 Ne4 8. O-O h6 9. Nxe4 dxe4 10. Ne5 Nxe5 11. dxe5 Qxd1 12. Rxd1 Bf5 13. f4 h5 14. h4 Rh6 15. Be3 Rb6 16. b3 a5 17. Rac1 Rc6 18. a4 Be7 19. Rc4 Rb6 20. Bxc5 Bxc5+ 21. Rxc5 Rxb3 22. Kf2 Rb4 23. Rb5 Rxb5 24. axb5 a4 25. Ke3 a3 26. Bxe4 Bxe4 27. Kxe4 a2 28. Ra1 Kd7 29. Kd5 Ra4 30. Kc5 f6 31. exf6 gxf6 32. Kb6 Kc8 33. e4 Ra3 34. e5 fxe5 35. fxe5 Kb8 36. e6 Kc8 37. e7 Kd7 38. Kxb7 Kxe7 39. b6 Kd6 40. Kb8 Kc6 41. b7 Rb3 42. Rc1+ Kd7 43. Rd1+ Kc6 44. Rc1+ Kb6 45. Kc8 Ka7 46. Ra1 Rc3+ 47. Kd7 Rc2 48. Ke6 Kxb7 49. Kf5 Rg2 50. Kg5 Rxg3+ 51. Kxh5 Rg2 52. Kh6 Kc7 53. h5 Kd7 54. Kh7 Ke6 55. h6 Kf5 56. Kh8 Kg6 57. h7 Kf6 58. Rf1+ Ke5 59. Ra1 Kf6 60. Rf1+ Kg6 61. Ra1 Rh2 62. Rg1+ Kf7 63. Rf1+ Kg6 64. Rg1+ Kf7 65. Rf1+ Kg6 66. Rg1+ 1/2-1/2


[Site "https://www.chess.com"]

[Event "Titled Tuesday Blitz April 4 Early 2023"]
[White "Orlov, Georgi"]
[Black "Albornoz Cabrera, Carlos Daniel"]
[WhiteFideId "2011271"]
[BlackFideId "3518736"]
[WhiteElo "2547"]
[BlackElo "2516"]
[Result "1-0"]
[Round "02"]
[TimeControl "180+2"]
[Date "2023.04.04"]
[WhiteClock "0:00:38"]
[BlackClock "0:00:05"]

1. d4 Nf6 2. Nf3 g6 3. c4 Bg7 4. Nc3 d5 5. Qb3 dxc4 6. Qxc4 O-O 7. e4 Nc6 8. Be3 Ng4 9. d5 Nxe3 10. fxe3 Ne5 11. Nxe5 Bxe5 12. O-O-O Qd6 13. Nb5 Qb6 14. Nd4 c6 15. Qb3 Qa5 16. Be2 cxd5 17. exd5 Bd7 18. Kb1 Rac8 19. Bb5 Bg4 20. Nf3 Bg7 21. e4 Rc5 22. Bd3 Rfc8 23. h3 Bd7 24. Rc1 b6 25. a3 Ba4 26. Qb4 Rxc1+ 27. Rxc1 Rxc1+ 28. Kxc1 Qxb4 29. axb4 Kf8 30. b5 h6 31. Bc4 f5 32. exf5 a6 33. bxa6 b5 34. a7 1-0


[Site "https://www.chess.com"]

[Event "Titled Tuesday Blitz April 4 Early 2023"]
[White "Mahdavi, Reza"]
[Black "Tomaszewski, Kacper"]
[WhiteFideId "12595926"]
[BlackFideId "1127373"]
[WhiteElo "2357"]
[BlackElo "2211"]
[Result "1-0"]
[Round "02"]
[TimeControl "180+2"]
[Date "2023.04.04"]
[WhiteClock "0:01:06"]
[BlackClock "0:00:03"]

1. Nf3 g6 2. g3 Bg7 3. d4 c5 4. dxc5 Na6 5. Bg2 Nxc5 6. O-O Nf6 7. c4 O-O 8. Nc3 d6 9. Be3 Nfe4 10. Nxe4 Nxe4 11. Bd4 Nf6 12. b3 Bd7 13. Qd2 Bc6 14. Rfd1 a5 15. a3 Qd7 16. Qb2 Be4 17. Bc3 Qc7 18. Rac1 Rfb8 19. Nd4 Bxg2 20. Kxg2 Ne4 21. Nb5 Bxc3 22. Nxc3 Nxc3 23. Rxc3 Qc6+ 24. f3 b5 25. Qc2 b4 26. axb4 axb4 27. Re3 Ra7 28. h4 h5 29. Rd5 Rba8 30. Rb5 Ra2 31. Qd3 Qd7 32. Qe4 R8a7 33. Rb8+ Kh7 34. Qf4 Kg7 35. Qd4+ f6 36. Qd5 1-0


[Site "https://www.chess.com"]

[Event "Titled Tuesday Blitz April 4 Early 2023"]
[White "Sharapov, Evgeny"]
[Black "Milikow, Yoav"]
[WhiteFideId "14103133"]
[BlackFideId "2822237"]
[WhiteElo "2367"]
[BlackElo "2410"]
[Result "0-1"]
[Round "02"]
[TimeControl "180+2"]
[Date "2023.04.04"]
[WhiteClock "0:00:01"]
[BlackClock "0:00:06"]

1. e4 e5 2. Nf3 Nc6 3. Bb5 Nf6 4. d3 Bc5 5. O-O Nd4 6. Nxd4 Bxd4 7. c3 Bb6 8. d4 O-O 9. dxe5 Nxe4 10. Bd3 d5 11. exd6 Nxd6 12. Bf4 Qf6 13. Bg3 Nf5 14. Qc2 Rd8 15. Nd2 Nxg3 16. hxg3 Qh6 17. Nc4 Bc5 18. b4 Bf8 19. Ne3 a5 20. a3 Be6 21. Bf5 axb4 22. axb4 c6 23. Rxa8 Rxa8 24. Rd1 Ra2 25. Qe4 Qf6 26. Bxh7+ Kh8 27. Bf5 Bb3 28. Rb1 Ba4 29. Qc4 Rd2 30. Qf4 Rd8 31. Ng4 Qe7 32. Kh2 g6 33. Rh1 Kg8 34. Bb1 Bg7 35. Nh6+ Kf8 36. Ng4 Rd5 37. Ne3 Rh5+ 38. Kg1 Be5 39. Qg4 Rxh1+ 40. Kxh1 Bxc3 41. Qc8+ Kg7 42. Qg4 Qf6 43. Nf5+ Kf8 44. Ne3 Bb3 45. Qe4 Be6 46. Bd3 Qxf2 47. Kh2 Be1 48. Nf1 Bc3 49. b5 cxb5 50. Qxb7 b4 0-1


[Site "https://www.chess.com"]

[Event "Titled Tuesday Blitz April 4 Early 2023"]
[White "TimGrutter03"]
[Black "Aitbayev, Aslan"]
[BlackFideId "13704613"]
[WhiteElo "2545"]
[BlackElo "2325"]
[Result "0-1"]
[Round "02"]
[TimeControl "180+2"]
[Date "2023.04.04"]
[WhiteClock "0:00:14"]
[BlackClock "0:00:16"]

1. e4 e6 2. d4 d5 3. Nc3 Bb4 4. exd5 exd5 5. Bd3 Nc6 6. Ne2 Nge7 7. a3 Bxc3+ 8. bxc3 Bf5 9. O-O O-O 10. Ng3 Bg6 11. Bf4 Qd7 12. Rb1 Na5 13. Re1 b6 14. h4 Rfe8 15. h5 Bxd3 16. cxd3 f6 17. Qf3 Rad8 18. Bd2 h6 19. Bf4 Nac6 20. Re2 Nc8 21. Rbe1 Rxe2 22. Rxe2 N6e7 23. Nf1 Nd6 24. Bxd6 Qxd6 25. Ng3 Qxa3 26. Nf5 Nxf5 27. Qxf5 Qd6 28. Qg6 Qd7 29. c4 dxc4 30. dxc4 Qf7 31. d5 Qxg6 32. hxg6 a5 33. f4 a4 34. Kf2 a3 35. Ra2 Ra8 36. Ke3 Kf8 37. Kd4 Ke7 38. c5 Ra4+ 39. Kc3 bxc5 40. Kb3 Ra7 41. Re2+ Kd6 42. Ka2 c6 43. dxc6 Kxc6 44. Re8 c4 45. Rf8 c3 46. Rf7 Rc7 0-1


[Site "https://www.chess.com"]

[Event "Titled Tuesday Blitz April 4 Early 2023"]
[White "Filgueira, Hernan"]
[Black "Narayanan, Srinath"]
[WhiteFideId "101770"]
[BlackFideId "5018420"]
[WhiteElo "2363"]
[BlackElo "2438"]
[Result "0-1"]
[Round "02"]
[TimeControl "180+2"]
[Date "2023.04.04"]
[WhiteClock "0:00:35"]
[BlackClock "0:00:05"]

1. c4 e6 2. Nc3 Nf6 3. d4 d5 4. Bg5 Bb4 5. e3 h6 6. Bh4 O-O 7. cxd5 exd5 8. Bd3 g5 9. Bg3 c5 10. Ne2 Nc6 11. a3 Bxc3+ 12. bxc3 c4 13. Bc2 Re8 14. O-O Bg4 15. Qd2 Ne4 16. Bxe4 dxe4 17. Rfb1 Na5 18. Nc1 b6 19. Rb4 Qd5 20. Rab1 Bd7 21. Qe2 Rac8 22. Qh5 Re6 23. Ne2 Rg6 24. Be5 Qe6 25. Bg3 Nb3 26. Rd1 a5 27. d5 Qf6 28. Rxb3 cxb3 29. Nd4 a4 30. Qe2 Rxc3 31. Qa6 Rc8 32. Nc6 Re8 33. Qxb6 Bxc6 34. dxc6 Qxc6 35. Qb4 Rge6 36. h3 Qc2 37. Rd5 Qc6 38. Rc5 Qb6 39. Rb5 Qc6 40. Rb7 Rf6 41. Kh2 h5 42. h4 gxh4 43. Bxh4 Rf5 44. Bg3 h4 45. Bf4 h3 46. gxh3 Kg7 47. Bg3 Rh5 48. Qd4+ Qf6 49. Qb4 Qf5 50. Rb6 Qxh3+ 0-1


[Site "https://www.chess.com"]

[Event "Titled Tuesday Blitz April 4 Early 2023"]
[White "Zhao, Jun"]
[Black "Omelja, Artem"]
[WhiteFideId "8602522"]
[BlackFideId "14119846"]
[WhiteElo "2547"]
[BlackElo "2404"]
[Result "1-0"]
[Round "02"]
[TimeControl "180+2"]
[Date "2023.04.04"]
[WhiteClock "0:00:23"]
[BlackClock "0:00:03"]

1. Nf3 c5 2. g3 Nc6 3. Bg2 g6 4. O-O Bg7 5. d3 e5 6. c4 Nge7 7. Nc3 O-O 8. a3 d6 9. Rb1 f5 10. Bg5 h6 11. Bxe7 Nxe7 12. Nd2 Rb8 13. b4 b6 14. Nd5 Be6 15. Nxe7+ Qxe7 16. bxc5 dxc5 17. a4 Rfd8 18. Qc2 Qd7 19. Rfd1 h5 20. Nf1 Bh6 21. Rb5 e4 22. Rbb1 exd3 23. Rxd3 Qe7 24. Rbd1 Kf7 25. Ne3 Rxd3 26. Rxd3 Rd8 27. Nd5 Bxd5 28. Bxd5+ Kf8 29. a5 bxa5 30. Ra3 Qc7 31. e4 f4 32. e5 Kg7 33. Qe4 Rf8 34. e6 f3 35. Rb3 Rb8 36. e7 Re8 37. Rb7 Qd6 38. h4 Qf6 39. Bc6 Qa1+ 40. Rb1 Qxb1+ 41. Qxb1 Rxe7 42. Bxf3 Kh7 43. Bxh5 Re6 44. Bxg6+ Kg7 45. Bf5 Rb6 46. Qe4 a4 47. Qe7+ Kg8 48. Be6+ Kh8 49. Qe8+ Kg7 50. Qf7+ Kh8 51. Qg8# 1-0


[Site "https://www.chess.com"]

[Event "Titled Tuesday Blitz April 4 Early 2023"]
[White "Budrewicz, Krzysztof"]
[Black "Boyer, Mahel"]
[WhiteFideId "1127950"]
[BlackFideId "45102422"]
[WhiteElo "2230"]
[BlackElo "2439"]
[Result "0-1"]
[Round "02"]
[TimeControl "180+2"]
[Date "2023.04.04"]
[WhiteClock "0:01:17"]
[BlackClock "0:00:51"]

1. d4 e6 2. c4 d5 3. Nf3 Nf6 4. Nc3 Be7 5. Bg5 Nbd7 6. e3 O-O 7. Qc2 dxc4 8. Bxc4 a6 9. a4 b6 10. O-O Bb7 11. Rad1 h6 12. Bh4 c5 13. dxc5 bxc5 14. Ne5 Qe8 15. Bg3 Nxe5 16. Bxe5 Qc6 17. f3 Rfd8 18. e4 Nd7 19. Bg3 Nb6 20. Be2 c4 21. a5 Qc5+ 22. Bf2 Qxa5 23. Ra1 Qb4 24. Na4 Rd2 25. Be1 Rxc2 26. Bxb4 Bxb4 27. Bd1 Rd2 28. Nxb6 Bc5+ 29. Kh1 Bxb6 30. Ba4 Rxb2 31. Rfc1 Rd8 32. Rxc4 Rdd2 0-1


[Site "https://www.chess.com"]

[Event "Titled Tuesday Blitz April 4 Early 2023"]
[White "Gokerkan, Cem Kaan"]
[Black "Escanor89"]
[WhiteFideId "6336760"]
[WhiteElo "2365"]
[BlackElo "2540"]
[Result "1-0"]
[Round "02"]
[TimeControl "180+2"]
[Date "2023.04.04"]
[WhiteClock "0:00:41"]
[BlackClock "0:00:13"]

1. e4 c5 2. c3 d5 3. exd5 Qxd5 4. d4 Nf6 5. Nf3 e6 6. Na3 cxd4 7. Nb5 Qd8 8. Bf4 Na6 9. Qa4 Bd7 10. Qxd4 Bc5 11. Nd6+ Ke7 12. Nxb7 Qb6 13. Nxc5 Nxc5 14. O-O-O Nce4 15. Be3 Qxd4 16. Rxd4 Rhd8 17. Bd3 Bc6 18. Bc2 Rxd4 19. Nxd4 Bd5 20. f3 Nd6 21. b3 Nd7 22. c4 Bb7 23. Re1 a6 24. Bf4 Nc5 25. Nf5+ Nxf5 26. Bxf5 Rd8 27. Bxh7 Rh8 28. Bc2 f6 29. h3 e5 30. Be3 Ne6 31. Kb2 Rd8 32. Rd1 Rc8 33. Kc3 Bc6 34. b4 g5 35. c5 f5 36. Bxf5 Rf8 37. Bxe6 1-0


[Site "https://www.chess.com"]